 Dungeon Crawl Stone Soup version 0.28.0-45-g0d030f2227 (webtiles) character file.

Game seed: 6267254979781536276

26659 joshe the Destroyer (level 12, -2/104 HPs)
             Began as a Demigod Conjurer on Apr 1, 2022.
             Killed from afar by Azrael (41 damage)
             ... with a fireball
             ... on level 2 of the Orcish Mines on Apr 3, 2022.
             The game lasted 02:24:39 (21318 turns).

joshe the Destroyer (Demigod Conjurer)             Turns: 21318, Time: 02:24:40

Health: -2/104     AC: 10    Str:  8    XL:     12   Next: 62%
Magic:  9/29       EV: 16    Int: 36    God:
Gold:   642        SH:  0    Dex: 16    Spells: 18/29 levels left

rFire   . . .      SeeInvis +   E - +12 bardiche "Jiumomeb" {freeze, rElec rN+ Dex+4 SInv}
rCold   + . .      Faith    .   (shield currently unavailable)
rNeg    + + .      Spirit   .   G - +2 ring mail {rC+}
rPois   .          Reflect  .   (no helmet)
rElec   +          Harm     .   B - +0 cloak
rCorr   .          Rampage  .   i - +0 pair of gloves
Will    +....                   (no boots)
Stlth   +.........              (no amulet)
HPRegen 0.27/turn               v - ring of the Genius {Wiz rN+}
MPRegen 0.21/turn               h - +4 ring of evasion

@: about to teleport, studying Fighting, invisible
A: high MP 1, forlorn, divine attributes
a: no special abilities


You were on level 2 of the Orcish Mines.
You visited 3 branches of the dungeon, and saw 13 of its levels.
You also visited: Bailey.

You collected 875 gold pieces.
You spent 233 gold pieces at shops.

Inventory:

Hand Weapons
 f - a +0 vorpal hunting sling
 j - a +2 dagger of electrocution
 E - the +12 bardiche "Jiumomeb" (weapon) {freeze, rElec rN+ Dex+4 SInv}
   (You found it in a bailey)

   It freezes those it strikes, dealing additional cold damage.
   It can also slow down cold-blooded creatures.
   Dex:       It affects your dexterity (+4).
   rElec:     It insulates you from electricity.
   rN:        It protects you from negative energy.
   SInv:      It lets you see invisible.
Missiles
 g - 103 sling bullets
 o - 49 poisoned darts
Armour
 i - a +0 pair of gloves (worn)
 B - a +0 cloak (worn)
 G - a +2 ring mail of cold resistance (worn)
Jewellery
 h - a +4 ring of evasion (right hand)
 q - a ring of magical power
 v - the ring of the Genius (left hand) {Wiz rN+}
   (You found it on level 6 of the Dungeon)

   [ring of wizardry]

   It improves your spell success rate.
   rN:        It protects you from negative energy.
Wands
 m - a wand of acid (8)
 D - a wand of flame (11)
 I - a wand of iceblast (4)
Scrolls
 k - a scroll of silence
 l - 2 scrolls of immolation
 s - a scroll of teleportation
 t - a scroll of fog {unknown}
 u - 2 scrolls of amnesia
 w - 4 scrolls of enchant weapon
 x - a scroll of magic mapping {unknown}
 C - a scroll of torment {unknown}
 H - a scroll of fear {unknown}
Potions
 a - a potion of mutation
 b - 3 potions of curing
 c - 2 potions of resistance
 d - a potion of attraction
 e - 2 potions of brilliance
 p - 2 potions of lignification
 r - 2 potions of flight
 A - a potion of magic {unknown}


   Skills:
 - Level 9.0 Fighting
 - Level 4.0 Polearms
 + Level 5.9 Armour
 - Level 5.0 Dodging
 - Level 2.0 Stealth
 - Level 9.0 Spellcasting
 - Level 10.0 Conjurations
 - Level 10.0 Hexes
 - Level 4.0 Translocations
 - Level 2.0 Evocations


You had 18 spell levels left.
You knew the following spells:

 Your Spells              Type           Power      Damage    Failure   Level
a - Magic Dart            Conj           100%       1d8       1%          1
b - Searing Ray           Conj           100%       2d8       1%          2
c - Fulminant Prism       Conj/Hex       36%        3d18      1%          4
d - Iskenderun's Mystic   Conj/Tloc      61%        2d13      1%          4

Your spell library contained the following spells:

 Spells                   Type           Power      Damage    Failure   Level
 Apportation              Tloc           90%        N/A       1%          1
 Shock                    Conj/Air       100%       1d9       1%          1
 Dazzling Flash           Conj/Hex       100%       N/A       1%          3
 Gell's Gravitas          Tloc           45%        N/A       1%          3
 Stone Arrow              Conj/Erth      100%       3d13      1%          3
 Teleport Other           Tloc           45%        N/A       1%          3
 Animate Skeleton         Necr           32%        N/A       2%          1
 Pain                     Necr           64%        1d7       2%          1
 Sandblast                Erth           32%        2d9       2%          1
 Passwall                 Tmut/Erth      13%        N/A       4%          2
 Swiftness                Air            16%        N/A       9%          3
 Vampiric Draining        Necr           16%        2d7       9%          3
 Silence                  Hex/Air        25%        N/A       10%         5
 Airstrike                Air            8%         N/A       26%         4
 Agony                    Necr           16%        N/A       56%         5
 Alistair's Intoxication  Tmut/Pois      10%        N/A       56%         5
 Dispersal                Tloc           22%        N/A       58%         6


Dungeon Overview and Level Annotations

Branches:
Dungeon (10/15)            Temple (0/1) D:5            Lair (1/6) D:8
    Orc (2/2) D:9          Bailey (visited)
    Elf: Orc:2

Shops:
D:2 !   D:3 =[   D:10 [   Orc:1 =   Orc:2 :

Annotations:
D:3 1 runed translucent door, ndowd's ghost, amateur DsGl
D:9 3 runed translucent doors, Wentworth's ghost, novice TrWr
Orc:2 Azrael


Innate Abilities, Weirdness & Mutations

You have an increased reservoir of magic. (+10% MP)
You shall have no god before yourself.
Your divine heritage dramatically boosts your attributes as you level up.


Message History

You climb upwards.
The orc shouts!
Found 15 gold pieces.
There is a stone staircase leading down here.
The orc knight roars a battlecry!
The orcs go into a battle-frenzy!
The fire elemental barely misses you.
You climb downwards.
There is a stone staircase leading up here.
Casting: Iskenderun's Mystic Blast (mildly dangerous; 1% risk of failure)
Confirm with . or Enter, or press ? or * to list all spells.
You erupt in a blast of force!
The mystic blast hits the fire elemental.
The fire elemental is severely damaged.
The fire elemental is knocked back by the mystic blast.
Unknown command.
You swing at nothing.
The fire elemental hits you. The fire elemental burns you!
The fire elemental hits you. The fire elemental burns you!
You slash the fire elemental! You freeze the fire elemental.
You destroy the fire elemental!
You start resting.
An orc knight comes into view. It is wielding a +0 great sword.
The orc knight shouts!
Azrael the Boundless Flame comes into view.
He is wielding a +3 scimitar of flaming.
A fire elemental comes into view.
Azrael drinks a potion.
Azrael seems to speed up.
Okay, then.
Press: ? - help, v - describe, . - travel
Here: Azrael, wielding a +3 scimitar of flaming (lightly wounded, fast)
The floor.
You fade into invisibility!
Okay, then.
Azrael gestures at you.
The fireball explodes!
The fireball engulfs you!!
As you read the scroll of teleportation, it crumbles to dust.
You feel strangely unstable. Azrael gestures at you.
The fireball explodes!
The fireball engulfs you!!!
You die...

..##.....##...#..................
...#.......^...............<.....
...#......................#......
...........................#.....
[......#.........................
[)[..#..#........................
...........#.....................
.##..............................
................@.R..[)<.....#...
...................○...[.........
P....[.........o..E°.............
........#...........[[°..........
.....[..#.........E[[..........##
..................[○.......#....#
..................[°○...)..#....#
..P...<..#.......................
..........##.....................


You could see Azrael (fast), an orc knight and 2 fire elementals.

Vanquished Creatures
  An orc warlord (Orc:2)
  A hydra (Lair:1)
  2 boulder beetles (D:10)
  6 two-headed ogres
  3 orc high priests (Orc:2)
  4 orc knights
  4 orc sorcerers (Orc:2)
  2 cyclopes
  Joseph (D:7)
  A black mamba (D:8)
  An unseen horror (D:10)
  A komodo dragon (D:6)
  5 trolls
  Grinder (D:3)
  A hornet (D:9)
  A wraith (D:10)
  A vampire (D:9)
  3 fire elementals (Orc:2)
  A shadow (D:9)
  16 yaks
  Menkaure (D:4)
  3 wargs (Orc:1)
  A water moccasin (D:6)
  A hornet zombie (D:5)
  32 orc warriors
  A sky beast (D:7)
  3 necrophages
  8 ogres
  2 phantoms (D:9)
  4 centaurs
  4 kobold brigands
  2 scorpions
  A water moccasin zombie (D:5)
  A water moccasin skeleton (D:3)
  A troll zombie (D:9)
  Dowan (D:7)
  5 killer bees (D:7)
  4 howler monkeys
  3 wights (D:8)
  A bullfrog zombie (D:5)
  8 centaur zombies
  4 hounds
  5 jellies
  2 gnoll shamans
  Crazy Yiuf (D:7)
  12 orc priests
  An iguana (D:5)
  12 orc wizards
  A killer bee zombie (D:7)
  5 ogre zombies (D:9)
  A centaur simulacrum (D:8)
  A howler monkey zombie (D:8)
  12 gnolls
  10 adders
  A shadow imp (D:5)
  2 white imps
  An ufetubus (D:5)
  3 worms
  3 dart slugs
  62 orcs
  5 ball pythons
  4 endoplasms
  5 giant cockroaches
  12 goblins
  8 hobgoblins
  2 jackals (D:2)
  24 kobolds
  5 quokkas
  7 bats
  2 frilled lizards (D:1)
  A goblin zombie (D:9)
  2 hobgoblin zombies (D:9)
  An orc skeleton (D:9)
  15 orc zombies (D:9)
  5 rats
  2 fulminant prisms
382 creatures vanquished.

Vanquished Creatures (others)
  242 fulminant prisms
  20 fungi (Orc:2)
  11 withered plants (D:4)
273 creatures vanquished.

Grand Total: 655 creatures vanquished

Notes
Turn   | Place    | Note
-------+----------+-------------------------------------------
     0 | D:1      | joshe the Demigod Conjurer began the quest for the Orb.
     0 | D:1      | Reached XP level 1. HP: 14/14 MP: 5/5
   335 | D:1      | Reached XP level 2. HP: 20/20 MP: 5/7
   338 | D:1      | Learned a level 2 spell: Searing Ray
  1262 | D:2      | Reached XP level 3. HP: 26/26 MP: 4/8
  1651 | D:2      | Found Bunyr's Distillery.
  1677 | D:2      | Bought a potion of curing for 39 gold pieces
  1677 | D:2      | Bought a potion of brilliance for 52 gold pieces
  1970 | D:3      | Found Abri's Jewellery Shop.
  1972 | D:3      | Reached skill level 5 in Conjurations
  2094 | D:3      | Reached XP level 4. HP: 28/33 MP: 0/9
  2211 | D:3      | Learned a level 4 spell: Fulminant Prism
  2350 | D:3      | Noticed ndowd's ghost (amateur DsGl)
  2354 | D:3      | Found a runed translucent door.
  2513 | D:3      | Noticed Grinder
  2520 | D:3      | Paralysed by Grinder for 4 turns
  2583 | D:3      | Reached XP level 5. HP: 32/38 MP: 3/10
  2666 | D:3      | Found Vavisul's Antique Armour Shoppe.
  3022 | D:3      | Paralysed by Grinder for 7 turns
  3344 | D:3      | Paralysed by Grinder for 5 turns
  3350 | D:3      | Killed Grinder
  3351 | D:3      | Reached XP level 6. HP: 30/45 MP: 2/13
  3566 | D:2      | Bought a potion of lignification for 39 gold pieces
  3566 | D:2      | Bought a potion of degeneration for 13 gold pieces
  5039 | D:4      | Noticed Menkaure
  5045 | D:4      | Killed Menkaure
  5046 | D:4      | Reached XP level 7. HP: 50/50 MP: 6/14
  5480 | D:5      | Entered Level 5 of the Dungeon
  5604 | D:4      | Reached skill level 5 in Hexes
  5750 | D:4      | Learned a level 4 spell: Iskenderun's Mystic Blast
  5833 | D:5      | Reached skill level 1 in Translocations
  6224 | D:5      | Reached XP level 8. HP: 57/57 MP: 7/17
  6720 | D:5      | Found a staircase to the Ecumenical Temple.
  6930 | D:6      | Identified the ring of the Genius {Wiz rN+}
  7471 | D:6      | Reached skill level 1 in Fighting
  7764 | D:6      | Reached skill level 5 in Spellcasting
  7769 | D:6      | Reached XP level 9. HP: 67/67 MP: 3/20
  8285 | D:7      | Noticed a komodo dragon
  8928 | D:7      | Found a runed translucent door.
  8928 | D:7      | Noticed Crazy Yiuf
  9007 | D:7      | Noticed Dowan
  9013 | D:7      | Killed Dowan
  9035 | D:7      | Noticed Joseph
  9484 | D:3      | Bought a pair of gloves for 90 gold pieces
  9637 | D:6      | Killed a komodo dragon
  9783 | D:7      | Killed Joseph
 10504 | D:7      | Killed Crazy Yiuf
 10815 | D:8      | Reached XP level 10. HP: 78/78 MP: 6/22
 11429 | D:8      | Found a staircase to the Lair.
 11793 | D:8      | Noticed a cyclops
 11804 | D:8      | Killed a cyclops
 12125 | D:8      | Upgraded the game from 0.28.0-43-g3370ac3207 to
                  | 0.28.0-45-g0d030f2227
 12175 | Lair:1   | Entered Level 1 of the Lair of Beasts
 12176 | Lair:1   | Noticed a four-headed hydra
 12183 | Lair:1   | Noticed a black mamba
 12183 | Lair:1   | Killed a four-headed hydra
 12374 | D:8      | Found a staircase to the Lair.
 12400 | D:8      | Killed a black mamba
 13376 | D:9      | Noticed a two-headed ogre
 13391 | D:9      | Killed a two-headed ogre
 14118 | D:9      | Noticed a two-headed ogre
 14127 | D:9      | Killed a two-headed ogre
 14426 | D:9      | Found a staircase to the Orcish Mines.
 14660 | D:9      | Noticed a two-headed ogre
 14669 | D:9      | Killed a two-headed ogre
 14670 | D:9      | Reached XP level 11. HP: 84/84 MP: 21/26
 14998 | D:9      | Found a runed translucent gate.
 14998 | D:9      | Found a runed translucent gate.
 14998 | D:9      | Found a runed translucent gate.
 15002 | D:9      | Noticed Wentworth's ghost (novice TrWr)
 15262 | D:10     | Entered Level 10 of the Dungeon
 15283 | D:10     | Found Cheibriados's Comfort Zone.
 15347 | D:10     | Found a flagged portal.
 15365 | Bailey   | Entered a bailey
 16099 | Bailey   | Reached skill level 1 in Evocations
 16254 | Bailey   | Noticed an orc knight
 16254 | Bailey   | Noticed an orc knight
 16267 | Bailey   | Killed an orc knight
 16409 | Bailey   | Killed an orc knight
 16410 | Bailey   | Reached skill level 5 in Fighting
 16611 | Bailey   | Identified the +12 bardiche "Jiumomeb" {freeze, rElec rN+
                  | Dex+4 SInv}
 17090 | D:10     | Reached skill level 1 in Armour
 18133 | D:10     | Noticed a two-headed ogre
 18140 | D:10     | Noticed a boulder beetle
 18142 | D:10     | Killed a two-headed ogre
 18149 | D:10     | Killed a boulder beetle
 18333 | D:10     | Noticed a two-headed ogre
 18350 | D:10     | Killed a two-headed ogre
 18464 | D:10     | Noticed a boulder beetle
 18484 | D:10     | Killed a boulder beetle
 19058 | Orc:1    | Entered Level 1 of the Orcish Mines
 19349 | Orc:1    | Found Risatoa's Jewellery Boutique.
 19426 | Orc:2    | Entered Level 2 of the Orcish Mines
 19452 | Orc:2    | Reached skill level 10 in Conjurations
 19494 | Orc:2    | Reached XP level 12. HP: 101/101 MP: 11/29
 19789 | Orc:2    | Reached skill level 10 in Hexes
 19857 | Orc:2    | Reached skill level 1 in Polearms
 20868 | Orc:2    | Noticed an orc warlord
 20879 | Orc:2    | Killed an orc warlord
 20880 | Orc:2    | Reached skill level 5 in Armour
 21063 | Orc:2    | Found Saeqab's Book Shop.
 21149 | Orc:2    | Reached skill level 5 in Dodging
 21312 | Orc:2    | Noticed Azrael
 21318 | Orc:2    | Killed from afar by Azrael

Illustrated notes

Levels and vault maps discovered:
D:1:      ncdulo_halloftheorcs, layout_basic
D:2:      layout_basic, serial_shops, nicolae_shop_hallway_stairs
D:3:      layout_basic, overflow_temple_1_default,
          hellmonk_ghost_happy_afterlife, serial_shops, shop,
          nicolae_shop_statue_plus, kennysheep_generic_room_11, uniq_grinder
D:4:      layout_loops_corners, kiku_gazebo_garden_becter, uniq_menkaure
D:5:      layout_rooms, temple_hall, columned_hall_lemuel, feat_on_display
D:6:      layout_cave_pods, nzn_wu_jian_contemplation, dk_noncrumbling_2
D:7:      layout_loops_ring, mainiacjoe_overflow_alcove_2,
          uniq_crazy_yiuf_cottage, uniq_duvessa, uniq_joseph
D:8:      layout_rooms, lemuel_zombie_altar_yredelemnul, lair_entry_dummy,
          minmay_three_doors
D:9:      layout_long_grid, marbit_many_paths, zombieorc1_lemuel,
          gammafunk_ghost_spectres
D:10:     minmay_opposing_rooms, layout_loops_ring,
          gammafunk_temple_overflow_wave, enter_bailey_5, minmay_shop_chei,
          hangedman_decor_opposing, chequers_serial_rivers_small_b
Lair:1:   layout_hall_layers, special_room [special_room_bee],
          beast_lair_carwin_10, grunt_megastairs_1
Orc:1:    layout_caves, serial_shops, shop
Orc:2:    grunt_orc_gardens, layout_caves, grunt_orc_garden, grunt_orc_garden,
          grunt_orc_garden, grunt_orc_garden, uniq_azrael

Skill      XL: |  1  2  3  4  5  6  7  8  9 10 11 12 |
---------------+-------------------------------------+-----
Stealth        | 2 |  2.0
Conjurations   | 4 5 6 8 9 10 | 10.0
Hexes          | 2 3 4 5 7 9 10 | 10.0
Spellcasting   | 2 3 4 5 6 7 9 |  9.0
Dodging        | 2 4 5 |  5.0
Translocations | 2 3 4 |  4.0
Fighting       | 2 4 8 9 |  9.0
Evocations     | 2 |  2.0
Armour         | 4 5 |  5.9
Polearms       | 4 |  4.0

Action                   |  1- 3 |  4- 6 |  7- 9 | 10-12 || total
-------------------------+-------+-------+-------+-------++-------
Melee: Dagger            |       |     1 |     4 |     3 ||     8
       Bardiche          |       |       |       |    42 ||    42
Throw: Dart              |       |       |       |     4 ||     4
 Cast: Magic Dart        |    76 |    54 |    37 |    80 ||   247
       Searing Ray       |     6 |    21 |    24 |    45 ||    96
       Fulminant Prism   |       |     9 |    76 |   159 ||   244
       Iskenderun's Myst |       |       |    19 |    65 ||    84
Evoke: Wand              |       |       |       |    17 ||    17
  Use: Scroll            |       |       |     9 |     5 ||    14
       Potion            |       |       |       |     3 ||     3
Armor: Robe              |     3 |     1 |     4 |     8 ||    16
       Ring mail         |       |       |       |    31 ||    31
Dodge: Dodged            |    11 |    12 |    28 |    86 ||   137
